 Dungeon Crawl Stone Soup version 0.23-a0-395-gcf17ac6 (webtiles) character file.

369 JeffiDaFish the Sneak (level 6, -2/28 HPs)
             Began as a Spriggan Enchanter on Nov 1, 2018.
             Slain by an orc wizard
             ... wielding a +0 dagger
              (4 damage)
             ... on level 4 of the Dungeon.
             The game lasted 00:10:50 (5013 turns).

JeffiDaFish the Sneak (Spriggan Enchanter)          Turns: 5013, Time: 00:10:51

Health: -2/28      AC:  3    Str:  4    XL:     6   Next: 41%
Magic:  0/14       EV: 20    Int: 18    God:
Gold:   174        SH:  0    Dex: 17    Spells: 5/14 levels left

rFire    . . .     SeeInvis +   a - +2 dagger
rCold    . . .     Gourm    .   (shield restricted)
rNeg     . . .     Faith    .   b - +1 robe
rPois    .         Spirit   .   (helmet restricted)
rElec    .         Reflect  .   (no cloak)
rCorr    .         Harm     .   (gloves unavailable)
MR       ++...                  (boots unavailable)
Stlth    +++.......             (no amulet)
HPRegen  0.09/turn              j - ring of protection from magic
MPRegen  0.14/turn              (no ring)

@: very quick
A: very small, unfitting armour, see invisible, herbivore, speed 3, slow
metabolism 2
a: no special abilities


You were on level 4 of the Dungeon.
You were hungry.

You visited 1 branch of the dungeon, and saw 4 of its levels.

You collected 174 gold pieces.

Inventory:

Hand Weapons
 a - a +2 dagger (weapon)
Armour
 b - a +1 robe (worn)
Jewellery
 j - a ring of protection from magic (left hand)
Wands
 i - a wand of disintegration (19)
Scrolls
 e - 2 scrolls of remove curse
 h - a scroll of enchant weapon
Potions
 f - a potion of resistance
Comestibles
 d - 3 rations


   Skills:
 + Level 2.5 Short Blades
 + Level 4.5 Dodging
 + Level 5.9 Stealth
 * Level 4.8 Spellcasting
 * Level 5.5 Hexes
 + Level 1.0 Necromancy


You had 5 spell levels left.
You knew the following spells:

 Your Spells              Type           Power        Failure   Level  Hunger
a - Corona                Hex            ###....      1%          1    None
b - Ensorcelled Hibernat  Hex/Ice        ##....       6%          2    #......
c - Confuse               Hex            ###.....     4%          3    ###....
d - Vampiric Draining     Necr           #.........   26%         3    ###....

Your spell library contained the following spells:

 Spells                   Type           Power        Failure   Level  Hunger
 Tukima's Dance           Hex            ###.....     4%          3    ###....
 Animate Skeleton         Necr           N/A          9%          1    None
 Pain                     Necr           #...         9%          1    None
 Dazzling Spray           Conj/Hex       ##....       13%         3    ###....
 Regeneration             Chrm/Necr      #.........   32%         3    ###....
 Animate Dead             Necr           N/A          65%         4    ####...


Dungeon Overview and Level Annotations

Branches:
Dungeon (4/15)
 Temple: D:4-7

Altars:
Hepliaklqana


Innate Abilities, Weirdness & Mutations

You are very small and have problems with some larger weapons.
You are too small for most types of armour.
You have supernaturally acute eyesight. (SInv)
You are a herbivore.
You cover ground extremely quickly.
You need to consume almost no food.


Message History

You hit the orc.
The orc is heavily wounded.
The orc misses you.
You barely miss the orc.
The orc is heavily wounded.
The orc wizard seems less confused.
The orc hits you with a +0 trident.
* * * LOW HITPOINT WARNING * * *
The orc wizard misses you.
You barely miss the orc.
The orc is heavily wounded.
Casting: Ensorcelled Hibernation (safe; 6% risk of failure)
Confirm with . or Enter, or press ? or * to list all spells.
Aiming: Ensorcelled Hibernation (safe; 6% risk of failure)
Press: ? - help, Shift-Dir - straight line, f - orc wizard, p - orc
Aim: an orc wizard, wielding a +0 dagger and wearing a +0 robe (lightly The orc wizard resists with some effort.
The orc hits you with a +0 trident.
* * * LOW HITPOINT WARNING * * *
The orc wizard hits you with a +0 dagger.
You die...

#....# #####.....# #....#
#.........# #....###.# ......#
#....##..###.....#
#######..[.............#
........[..#..###†.....##
####<........)........
#...oo....####......# #######
##=#.@..##.# ######.#
......#### #.÷#....#..# .
.##......###.####.##.#####
##.###.....##...##.....#
..##.######...#.########.###
#......#....#.#.....##.....##
####.#.#.####...............##
#.#...# #......<.........#
#.##..# #................#


You could see an orc wizard and an orc.

Vanquished Creatures
  A phantom (D:4)
  A howler monkey (D:4)
  3 orc priests
  An orc wizard (D:3)
  3 adders
  2 worms
  3 dart slugs
  4 leopard geckos
  6 orcs
  2 giant cockroaches (D:1)
  10 goblins
  13 hobgoblins
  6 jackals
  6 bats
  6 frilled lizards
  5 kobolds
  8 rats
80 creatures vanquished.

Notes
Turn   | Place    | Note
-------+----------+-------------------------------------------
     0 | D:1      | JeffiDaFish the Spriggan Enchanter began the quest for the
                  | Orb.
     0 | D:1      | Reached XP level 1. HP: 9/9 MP: 5/5
   188 | D:1      | Reached XP level 2. HP: 11/13 MP: 3/6
   210 | D:1      | Learned a level 2 spell: Ensorcelled Hibernation
   914 | D:1      | Reached XP level 3. HP: 9/16 MP: 8/8
  1601 | D:2      | Reached skill level 5 in Stealth
  2064 | D:2      | Found a hazy altar of Hepliaklqana.
  2626 | D:2      | Reached XP level 4. HP: 11/21 MP: 3/10
  3642 | D:2      | Learned a level 3 spell: Confuse
  3676 | D:3      | Reached XP level 5. HP: 24/24 MP: 3/12
  3917 | D:3      | Learned a level 3 spell: Vampiric Draining
  3985 | D:3      | Reached skill level 5 in Hexes
  4294 | D:4      | Noticed a phantom
  4318 | D:4      | Killed a phantom
  4318 | D:4      | Reached XP level 6. HP: 25/28 MP: 8/13
  4400 | D:4      | Reached skill level 1 in Necromancy
  5013 | D:4      | Slain by an orc wizard

Vault maps used:
D:1:      elethiomel_arrival_diamonds, serial_corexii_hall,
          corexii_hall_statues_u, chequers_hall_statues_wall_a,
          chequers_serial_rivers_micro_e, minmay_hedge_maze
D:2:      nicolae_overflow_crystal_walls, first_ration
D:3:      minmay_fountain_box

Skill      XL: |  1  2  3  4  5  6 |
---------------+-------------------+-----
Spellcasting   | 3 4 |  4.8
Hexes          | 4 5 |  5.5
Stealth        | 5 |  5.9
Dodging        | 4 |  4.5
Short Blades   | 2 |  2.5
Necromancy     | 1 |  1.0

Action                   |  1- 3 |  4- 6 || total
-------------------------+-------+-------++-------
Melee: Dagger            |   178 |   183 ||   361
 Cast: Corona            |    20 |     7 ||    27
       Ensorcelled Hiber |    20 |    21 ||    41
       Confuse           |       |    11 ||    11
  Use: Potion            |     5 |     1 ||     6
       Scroll            |     6 |     5 ||    11
 Stab: Sleeping          |    19 |    14 ||    33
       Confused          |       |     5 ||     5
       Distracted        |       |     1 ||     1
  Eat: Ration            |       |     2 ||     2
Armor: Robe              |    22 |    10 ||    32
Dodge: Dodged            |   211 |   123 ||   334

Table legend:
 A = Non-vault XP
 B = Vault XP
 C = Vault XP percentage of total XP
 D = Non-vault monster count
 E = Vault monster count
 F = Vault count percentage of total count
                 A         B        C        D         E       F
            +---------+---------+-------+---------+---------+-------
      Total |     520 |       8 |   1.5 |      73 |       7 |   8.8
            +---------+---------+-------+---------+---------+-------
        D:1 |      52 |       8 |  13.3 |      26 |       7 |  21.2
        D:2 |      50 |       0 |   0.0 |      18 |       0 |   0.0
        D:3 |     172 |       0 |   0.0 |      21 |       0 |   0.0
        D:4 |     246 |       0 |   0.0 |       8 |       0 |   0.0
            +---------+---------+-------+---------+---------+-------
